 Dungeon Crawl Stone Soup version 0.30.1-11-g7821555f0a (webtiles) character file.

Game seed: 6531464402268767525

24395 groovy9 the Severer (level 12, 115/115 HPs)
             Began as a Minotaur Fighter on Jan 11, 2024.
             Was an Elder of Makhleb.
             Quit the game on level 2 of the Lair of Beasts.
             The game lasted 00:29:25 (10809 turns).

groovy9 the Severer (Minotaur Fighter)             Turns: 10809, Time: 00:29:26

Health: 115/115    AC: 19    Str: 33    XL:     12   Next: 80%
Magic:  11/11      EV:  9    Int:  7    God:    Makhleb [****..]
Gold:   624        SH:  4    Dex:  9    Spells: 11/11 levels left

rFire   . . .        h - +10 broad axe "Vaun" {venom, rC+ Int+2}
rCold   + . .        c - +0 buckler
rNeg    . . .        t - +1 chain mail
rPois   .            (helmet restricted)
rElec   .            z - +0 cloak
rCorr   .            y - +0 pair of gloves
SInv    +            (no boots)
Will    .....        (no amulet) Stlth
                     B - ring of see invisible
HPRegen 0.39/turn    C - +6 ring of strength
MPRegen 0.12/turn

%: clarity
@: no status effects
A: horns 2, retaliatory headbutt, iridescent scales 1, clarity, wild magic 1
a: Renounce Religion, Minor Destruction, Lesser Servant of Makhleb, Major
Destruction


You were on level 2 of the Lair of Beasts.
You worshipped Makhleb.
Makhleb was greatly pleased with you.
You visited 3 branches of the dungeon, and saw 14 of its levels.

You collected 679 gold pieces.
You spent 55 gold pieces at shops.

Inventory:

Hand Weapons
 h - the +10 broad axe "Vaun" (weapon) {venom, rC+ Int+2}
   (You acquired it on level 3 of the Dungeon)

   Int:       It affects your intelligence (+2).
   rC:        It protects you from cold.
Missiles
 v - 3 throwing nets (quivered)
Armour
 c - a +0 buckler (worn)
 t - a +1 chain mail (worn)
 y - a +0 pair of gloves (worn)
 z - a +0 cloak (worn)
Jewellery
 a - a ring of protection from cold
 p - a +5 ring of evasion
 B - a ring of see invisible (left hand)
 C - a +6 ring of strength (right hand)
 L - an amulet of the acrobat
Wands
 g - a wand of charming (23)
 q - a wand of flame (36)
 D - a wand of acid (11)
Scrolls
 b - 6 scrolls of poison
 j - 6 scrolls of teleportation
 k - 3 scrolls of amnesia
 l - 2 scrolls of fog
 m - 2 scrolls of magic mapping
 r - 3 scrolls of vulnerability
 w - 3 scrolls of noise
 x - a scroll of enchant armour
 E - 2 scrolls of fear
 F - a scroll of silence
 G - a scroll of blinking
 K - a scroll of immolation
 N - a scroll of identify
Potions
 d - 4 potions of might
 e - 3 potions of invisibility
 f - a potion of flight
 i - 5 potions of lignification
 n - 3 potions of resistance
 o - 3 potions of heal wounds
 s - a potion of degeneration
 u - 3 potions of curing
 H - 2 potions of attraction
 I - a potion of haste
 J - 2 potions of brilliance
Miscellaneous
 A - a phantom mirror
 M - a box of beasts


   Skills:
 + Level 13.5 Fighting
 * Level 17.8(18.0) Axes
 - Level 3.3(12.1) Polearms
 + Level 13.5 Armour
 - Level 3.6 Shields


You had 11 spell levels left.
You didn't know any spells.
Your spell library was empty.

Dungeon Overview and Level Annotations

Branches:
Dungeon (11/15)            Temple (1/1) D:6            Lair (2/5) D:9
    Orc (0/2) D:9
  Swamp: Lair:2-3    Shoals: Lair:2-3     Snake: Lair:2-3    Spider: Lair:2-3

Altars:
Ashenzari
Cheibriados
Dithmenos
Elyvilon
Gozag
Hepliaklqana
Kikubaaqudgha
Makhleb
Okawaru
Ru
Sif Muna
Trog
Wu Jian
Xom

Shops:
D:3 *   D:11 *

Annotations:
Lair:1 exclusion: oklob plant


Innate Abilities, Weirdness & Mutations

You have a pair of horns on your head.
You reflexively headbutt those who attack you in melee.
You are partially covered in iridescent scales. (AC +2)
You possess an exceptional clarity of mind.
Your spells are a little harder to cast, but a little more powerful.


Message History

You turn to flesh and can move again.
You completely miss the basilisk.
The basilisk bites you but does no damage.
You cut the basilisk into ribbons!!!
You kill the basilisk!
Makhleb accepts your kill.
No target in view!
Unknown command.
No target in view!
You now have 624 gold pieces (gained 16).
M - a box of beasts You open the door.
There is an open door here.
Partly explored, can't reach some items and places.
Partly explored, can't reach some items and places.
There are no items here.
You can't go down here!
Unknown command.
(D) Dungeon (T) Temple (L) Lair (O) Orcish Mines
Where to? (Enter - Lair:1, ? - help)
There is a dry fountain here.
There is a stone staircase leading down here.
You climb downwards.
Found a scroll of identify.
Found a stone staircase leading up.
There is a stone staircase leading up here.
N - a scroll of identify A polar bear comes into view.
The polar bear growls angrily.
You hear an angry growl. x2
A polar bear is nearby!
A polar bear is nearby!
No reachable target in view!
No reachable target in view! 3 polar bears come into view.
Found a stone staircase leading down.
The polar bear growls angrily. x2
Are you sure you want to abandon this character and quit the game? (Confirm with "yes".)
Okay, then.
Unknown command.
Unknown command.
Are you sure you want to abandon this character and quit the game? (Confirm with "yes".)

#.....<.......
.#.###.......##..#.
............##
.######.###.#
...PP.P.# P.##
.#P..P#.###..#
....##P..##..# P#.
#P...P..##P.. #
##P..@.......
...h#P........#
....h....##..!>#
...h.P...P #...
##P#.#....# .#
##PP...### .
.....#.# .#.#.#.


You could see 3 polar bears.

Vanquished Creatures
  Erica (D:8)
  2 deep elf pyromancers
  An ugly thing (D:11)
  2 cyclopes
  3 elephants (Lair:1)
  9 centaur zombies (D:11)
  3 unseen horrors
  A cane toad (shapeshifter) (D:11)
  Maggie (D:8)
  A cane toad (Lair:1)
  A rime drake (Lair:1)
  Psyche (D:9)
  3 trolls
  4 hornets
  Prince Ribbit (D:8)
  Grinder (D:4)
  7 vampires
  4 shadows (D:11)
  5 wraiths (D:11)
  4 wyverns (D:9)
  29 yaks
  2 steam dragons
  2 basilisks
  Grum (D:8)
  2 vampire mosquitoes (D:11)
  3 acid dragons
  A water moccasin (D:8)
  An ice beast (D:5)
  10 orc warriors
  A black bear (D:8)
  2 sky beasts
  3 ogres
  4 wolves (D:8)
  A boggart (D:9)
  2 phantoms
  6 centaurs
  4 kobold brigands
  10 bullfrogs
  Blork the orc (D:6)
  A gnoll sergeant (D:6)
  4 scorpions
  3 wights (D:7)
  A killer bee (D:9)
  4 howler monkeys
  3 jellies
  6 lava snakes (D:8)
  9 orc priests
  2 gnoll boudas
  4 hounds
  Crazy Yiuf (D:5)
  3 iguanas
  6 orc wizards
  2 howler monkey zombies (D:11)
  13 gnolls
  10 adders
  A shadow imp (D:7)
  2 white imps (D:7)
  2 worms (D:2)
  A dart slug (D:3)
  44 orcs
  4 bats
  6 endoplasms
  2 giant cockroaches
  6 goblins
  10 hobgoblins
  6 jackals
  7 quokkas
  12 ball pythons
  6 frilled lizards
  28 kobolds
  6 rats
355 creatures vanquished.

Notes
Turn   | Place    | Note
-------+----------+-------------------------------------------
     0 | D:1      | groovy9 the Minotaur Fighter began the quest for the Orb.
     0 | D:1      | Reached XP level 1. HP: 19/19 MP: 0/0
    74 | D:1      | Reached skill level 3 in Axes
    74 | D:1      | Reached XP level 2. HP: 23/27 MP: 1/1
   432 | D:2      | Reached XP level 3. HP: 33/33 MP: 2/2
   720 | D:2      | Reached skill level 4 in Axes
   853 | D:2      | Reached XP level 4. HP: 41/41 MP: 3/3
  1215 | D:3      | Found the +8 trident of the Octopus King {venom, rElec
                  | rPois}
  1447 | D:3      | Found Keuluw's General Store.
  1453 | D:3      | Reached skill level 1 in Polearms
  1457 | D:3      | Reached XP level 5. HP: 42/47 MP: 4/4
  1482 | D:3      | Bought a potion of heal wounds for 55 gold pieces
  1675 | D:3      | Reached skill level 5 in Fighting
  1675 | D:3      | Reached skill level 5 in Armour
  1912 | D:3      | Identified a scroll of acquirement
  1913 | D:3      | Acquired the +10 broad axe "Vaun" {venom, rC+ Int+2}
  2006 | D:4      | Noticed a phantom
  2007 | D:4      | Reached XP level 6. HP: 51/56 MP: 5/5
  2209 | D:4      | Noticed Grinder
  2215 | D:4      | Killed Grinder
  2216 | D:4      | Reached skill level 5 in Axes
  2216 | D:4      | Reached XP level 7. HP: 58/62 MP: 6/6
  2313 | D:4      | Reached skill level 6 in Axes
  2577 | D:4      | Found a snail-covered altar of Cheibriados.
  2676 | D:4      | Found a bloodstained altar of Trog.
  2726 | D:5      | Entered Level 5 of the Dungeon
  2737 | D:5      | Reached skill level 7 in Axes
  2847 | D:5      | Found an ancient bone altar of Kikubaaqudgha.
  2856 | D:5      | Found an iron altar of Okawaru.
  2870 | D:5      | Reached XP level 8. HP: 71/71 MP: 7/7
  2924 | D:5      | Found a runed translucent door.
  2925 | D:5      | Noticed Crazy Yiuf
  3056 | D:5      | Reached skill level 8 in Axes
  3288 | D:5      | Killed Crazy Yiuf
  3422 | D:6      | Found a staircase to the Ecumenical Temple.
  3451 | Temple   | Entered the Ecumenical Temple
  3468 | Temple   | Became a worshipper of Makhleb the Destroyer
  3576 | D:6      | Reached skill level 9 in Axes
  3940 | D:6      | Noticed Blork the orc
  3945 | D:6      | Killed Blork the orc
  3946 | D:6      | Reached XP level 9. HP: 75/81 MP: 8/8
  4309 | D:7      | Gained mutation: You possess an exceptional clarity of
                  | mind. [potion of mutation]
  4309 | D:7      | Gained mutation: You are partially covered in iridescent
                  | scales. (AC +2) [potion of mutation]
  4309 | D:7      | Gained mutation: Your spells are a little harder to cast,
                  | but a little more powerful. [potion of mutation]
  4647 | D:7      | Reached * piety under Makhleb
  4648 | D:7      | Reached skill level 10 in Axes
  4748 | D:7      | Found a sacrificial altar of Ru.
  5041 | D:7      | Found a shimmering blue altar of Sif Muna.
  5227 | D:8      | Noticed Maggie
  5234 | D:8      | Killed Maggie
  5235 | D:8      | Reached skill level 11 in Axes
  5367 | D:8      | Reached XP level 10. HP: 73/91 MP: 9/9
  5516 | D:8      | Reached skill level 12 in Axes
  5685 | D:8      | Noticed Grum
  5691 | D:8      | Killed Grum
  5819 | D:8      | Noticed Erica
  5827 | D:8      | Killed Erica
  5828 | D:8      | Reached skill level 10 in Fighting
  5828 | D:8      | Reached skill level 13 in Axes
  5828 | D:8      | Reached skill level 10 in Armour
  6004 | D:8      | Reached ** piety under Makhleb
  6036 | D:8      | Noticed Prince Ribbit
  6041 | D:8      | Killed Prince Ribbit
  6481 | D:9      | Noticed Psyche
  6485 | D:9      | Killed Psyche
  6582 | D:9      | Found a runed translucent door.
  6729 | D:9      | Found a staircase to the Orcish Mines.
  6770 | D:9      | Reached *** piety under Makhleb
  7215 | D:9      | Found a staircase to the Lair.
  7351 | D:9      | Identified the +1 long sword "Towuec" {drain, Drain Dex+5}
  7393 | D:9      | Reached skill level 14 in Axes
  7393 | D:9      | Reached XP level 11. HP: 70/101 MP: 10/10
  7508 | D:9      | Found a runed translucent door.
  7865 | D:9      | Noticed a deep elf pyromancer
  7884 | D:9      | Killed a deep elf pyromancer
  8095 | D:9      | Reached skill level 15 in Axes
  8112 | D:9      | Reached **** piety under Makhleb
  8142 | D:10     | Entered Level 10 of the Dungeon
  8343 | D:10     | Found an ornate altar of the Wu Jian Council.
  8454 | D:10     | Found a hazy altar of Hepliaklqana.
  8848 | D:11     | Found a shadowy altar of Dithmenos.
  8848 | D:11     | Noticed a deep elf pyromancer
  8854 | D:11     | Killed a deep elf pyromancer
  8964 | D:11     | Reached skill level 16 in Axes
  9093 | D:11     | Reached XP level 12. HP: 107/112 MP: 11/11
  9252 | D:11     | Found Heliocia's Mayhem Merchandise.
  9481 | D:11     | Reached skill level 17 in Axes
  9591 | D:11     | Found a shimmering altar of Xom.
 10005 | Lair:1   | Entered Level 1 of the Lair of Beasts
 10809 | Lair:2   | Quit the game

Illustrated notes

Levels and vault maps discovered:
D:1:      minmay_arrival_hallway, layout_rooms, serial_glass, glass_columns_b,
          glass_columns_c
D:2:      layout_basic, nicolae_figureground_sparkle
D:3:      cheibrodos_pilgrimage, layout_loops_ring, serial_shops, shop
D:4:      layout_loops_ring, cheibriados_altar_1, trog_hazing_becter,
          lexackson_kobold_supper, uniq_grinder
D:5:      layout_cave_pools, mainiacjoe_overflow_swirl, uniq_crazy_yiuf_cottage
D:6:      layout_basic, temple_fountains, nicolae_sextant, uniq_blork_the_orc
D:7:      layout_gridville, nicolae_ru_awakened_eye, kennysheep_orc_sif_temple,
          glass_columns_c, amcnicky_mini_corridor_feature
D:8:      layout_basic, skrybe_limestone_x, kennysheep_boxes, uniq_grum,
          uniq_prince_ribbit1, uniq_erica, uniq_maggie
D:9:      cheibrodos_histonic, layout_loops_ring, lair_entry_dummy,
          hiddenorc2_lemuel, grunt_decor_junction, grunt_decor_one_mirror,
          uniq_psyche
D:10:     layout_basic, nzn_hepliaklqana_mist_gate, lemuel_doored_altar
D:11:     layout_small_grid, serial_undead, serial_undead_c, serial_undead_d,
          serial_undead_c, serial_undead_d, serial_undead_d, serial_undead_a,
          hangedman_feature_mirror, minmay_shop_mayhem
Temple:   jpeg_temple_clearing
Lair:1:   minmay_lair_oklob_chamber, layout_regular_city, grunt_megastairs_1
Lair:2:   layout_loops_ring, nicolae_swamp_entry_splash_gauntlet,
          cheibrodos_lair_lostbears, uniq_harold

Skill      XL: |  1  2  3  4  5  6  7  8  9 10 11 12 |
---------------+-------------------------------------+-----
Axes           | 3 4 5 7 9 11 14 16 17 | 17.8
Armour         | 4 5 6 7 9 10 12 13 | 13.5
Fighting       | 4 5 6 7 9 10 12 13 | 13.5
Polearms       | 1 3 |  3.3
Shields        | |  3.6

Action                     |  1- 3 |  4- 6 |  7- 9 | 10-12 || total
---------------------------+-------+-------+-------+-------++-------
  Melee: War axe           |    95 |    16 |       |       ||   111
         Headbutt          |    15 |     9 |    18 |    67 ||   109
         Trident           |       |    34 |       |       ||    34
         Broad axe         |       |    26 |   152 |   389 ||   567
    Use: Scroll            |       |     5 |     7 |     7 ||    19
         Potion            |       |       |     9 |     3 ||    12
 Armour: Scale mail        |    40 |     5 |       |       ||    45
         Chain mail        |       |     8 |    43 |   205 ||   256
  Dodge: Dodged            |    61 |    39 |    99 |   191 ||   390
  Block: Buckler           |    30 |    11 |    20 |    65 ||   126
